 Dungeon Crawl Stone Soup version 0.29.1-1-gd02db6906a (webtiles) character file.

Game seed: 1196030002941327781

91 inmateoo the Twirler (level 4, -1/38 HPs)
             Began as a Minotaur Gladiator on Sept 30, 2022.
             Slain by a gnoll
             ... wielding a +0 halberd of venom
              (4 damage)
             ... on level 3 of the Dungeon.
             The game lasted 00:01:46 (1412 turns).

inmateoo the Twirler (Minotaur Gladiator)           Turns: 1412, Time: 00:01:48

Health: -1/38      AC:  7    Str: 18    XL:     4   Next: 33%
Magic:  3/3        EV: 13    Int:  5    God:
Gold:   34         SH:  0    Dex: 20    Spells: 3/3 levels left

rFire   . . .      SeeInvis .   a - +0 quarterstaff
rCold   . . .      Faith    .   (shield currently unavailable)
rNeg    . . .      Spirit   .   j - +0 ring mail
rPois   .          Reflect  .   c - +0 hat
rElec   .          Harm     .   (no cloak)
rCorr   .          Rampage  .   (no gloves)
Will    .....                   h - +1 pair of boots {Fly}
Stlth   +.........              (no amulet)
HPRegen 0.12/turn               (no ring)
MPRegen 0.08/turn               m - +6 ring of dexterity

@: brilliant, lethally poisoned (-1 -> -9), flying, studying Staves
A: horns 2, retaliatory headbutt
a: no special abilities


You were on level 3 of the Dungeon.
You visited 1 branch of the dungeon, and saw 3 of its levels.

You collected 161 gold pieces.
You spent 127 gold pieces at shops.

Inventory:

Hand Weapons
 a - a +0 quarterstaff (weapon)
Missiles
 b - 3 boomerangs (quivered)
 d - 3 throwing nets
 e - a javelin
Armour
 c - a +0 hat (worn)
 h - a +1 pair of boots of flying (worn)
 j - a +0 ring mail (worn)
Jewellery
 m - a +6 ring of dexterity (right hand)
Potions
 f - a potion of lignification
 i - a potion of mutation {unknown}
 k - a potion of brilliance
 l - a potion of degeneration {unknown}
 o - a potion of curing {unknown}
 r - a potion of haste {unknown}


   Skills:
 + Level 3.1 Fighting
 * Level 5.1 Staves
 + Level 2.5 Throwing
 + Level 1.8 Armour
 + Level 3.7 Dodging


You had 3 spell levels left.
You didn't know any spells.
Your spell library contained the following spells:

 Spells                   Type           Power      Damage    Failure   Level
 Dazzling Flash           Conj/Hex       0%         N/A       95%         3
 Inner Flame              Hex/Fire       0%         N/A       95%         3
 Ozocubu's Armour         Ice            0%         N/A       95%         3
 Olgreb's Toxic Radiance  Pois           0%         N/A       100%        4
 Ozocubu's Refrigeration  Ice            0%         4d7       100%        7


Dungeon Overview and Level Annotations

Branches:
Dungeon (3/15)

Altars:

Shops:
D:3 [


Innate Abilities, Weirdness & Mutations

You have a pair of horns on your head.
You reflexively headbutt those who attack you in melee.


Message History

A goblin is nearby!
The goblin barely misses you. You furiously retaliate!
You headbutt the goblin!
You kill the goblin!
No target in view!
A goblin comes into view. It is wielding a +0 dagger.
The goblin shouts!
You hear a shout! x3
The goblin misses you.
A gnoll comes into view. It is wielding a +0 halberd of venom.
You closely miss the goblin. The goblin misses you.
The gnoll hits you from afar with a +0 halberd of venom.
You are poisoned.
You closely miss the goblin.
You feel sick. The goblin hits you but does no damage.
The gnoll hits you from afar with a +0 halberd of venom!
You are lethally poisoned!
You hit the goblin.
You kill the goblin!
You feel extremely sick.
The gnoll hits you from afar with a +0 halberd of venom.
You are more poisoned.
You are too injured to fight recklessly!
* * * LOW HITPOINT WARNING * * *
You feel very sick.
A gnoll comes into view. It is wielding a +0 halberd.
It was a potion of brilliance.
You feel clever all of a sudden.
* * * LOW HITPOINT WARNING * * *
You feel very sick.
You feel much better.
You feel very sick.
The gnoll throws a throwing net.
The throwing net misses you.
You feel very sick.
The gnoll hits you from afar with a +0 halberd!
* * * LOW HITPOINT WARNING * * *
A gnoll comes into view. It is wielding a +0 spear.
* * * LOW HITPOINT WARNING * * *
You feel very sick.
The gnoll shouts!
The gnoll hits you from afar with a +0 halberd of venom.
You die...

.. #.
#. #.
#g #g
##g####
#..@..#
#####(#
#.# #.#
#.# #.#
#.# #.#
#.#


You could see 3 gnolls.

Vanquished Creatures
  3 gnolls (D:2)
  An adder (D:2)
  A worm (D:2)
  7 ball pythons
  An endoplasm (D:1)
  3 giant cockroaches
  6 goblins
  4 hobgoblins
  6 jackals
  6 bats
  4 frilled lizards (D:1)
  2 kobolds
  4 rats
48 creatures vanquished.

Notes
Turn   | Place    | Note
-------+----------+-------------------------------------------
     0 | D:1      | inmateoo the Minotaur Gladiator began the quest for the
                  | Orb.
     0 | D:1      | Reached XP level 1. HP: 18/18 MP: 0/0
   228 | D:1      | Reached XP level 2. HP: 25/25 MP: 1/1
   246 | D:1      | Reached skill level 4 in Staves
   345 | D:1      | Reached skill level 1 in Armour
   635 | D:1      | Identified a scroll of acquirement
   635 | D:1      | Acquired a manual of Staves
   666 | D:2      | Reached XP level 3. HP: 22/30 MP: 2/2
   694 | D:2      | Got the Cyclopedia of Hindering Intoxication
   920 | D:2      | Found a faded altar of an unknown god.
   982 | D:2      | Reached XP level 4. HP: 38/38 MP: 3/3
  1071 | D:2      | Reached skill level 5 in Staves
  1294 | D:3      | Found Ymaismiz's Antique Armour Shop.
  1305 | D:3      | Bought a pair of glowing boots for 127 gold pieces
  1412 | D:3      | Slain by a gnoll

Illustrated notes

Levels and vault maps discovered:
D:1:      lightli_arrival_boilingwater, layout_basic, minmay_fountain_box,
          st_stairs_5
D:2:      layout_rooms, basic_ecumenical_altar, kennysheep_generic_room_4
D:3:      layout_loops_ring, serial_shops, nicolae_diamond_shop, uniq_ijyb,
          uniq_grinder, uniq_crazy_yiuf_cottage

Skill      XL: |  1  2  3  4 |
---------------+-------------+-----
Staves         | 4 5 |  5.1
Armour         | 1 |  1.8
Fighting       | 3 |  3.1
Throwing       | |  2.5
Dodging        | |  3.7

Action                   |  1- 3 |  4- 6 || total
-------------------------+-------+-------++-------
Melee: Quarterstaff      |    69 |    20 ||    89
       Headbutt          |    10 |     4 ||    14
  Use: Scroll            |     4 |     4 ||     8
       Potion            |       |     2 ||     2
Armor: Leather armour    |     1 |       ||     1
       Ring mail         |    17 |     5 ||    22
Dodge: Dodged            |    60 |    17 ||    77
